 Dungeon Crawl Stone Soup version 0.31.0-11-ge490571c62 (webtiles) character file.

Game seed: 16920975294518230293

1292 qw the Skirmisher (level 8, -3/46 HPs)
             Began as a Deep Elf Hunter on Feb 3, 2024.
             Killed by divine providence
             ... invoked by an orc priest
              (15 damage)
             ... on level 7 of the Dungeon.
             The game lasted 00:00:43 (4865 turns).

qw the Skirmisher (Deep Elf Hunter)                 Turns: 4865, Time: 00:00:43

Health: -3/46      AC:  6    Str: 10    XL:     8   Next: 30%
Magic:  10/10      EV: 13    Int: 15    God:
Gold:   234        SH:  5    Dex: 24    Spells: 7/7 levels left

rFire   . . .        a - +1 shortbow
rCold   . . .        (shield currently unavailable)
rNeg    . . .        f - +0 ring mail
rPois   .            (no helmet)
rElec   .            (no cloak)
rCorr   .            d - +0 pair of gloves
SInv    .            (no boots)
Will    .....        j - amulet of reflection
Stlth   ++           c - +6 ring of dexterity
HPRegen 0.27/turn    (no ring)
MPRegen 0.12/turn

%: reflection
@: no status effects
A: no striking features
a: no special abilities


You were on level 7 of the Dungeon.
You visited 1 branch of the dungeon, and saw 9 of its levels.
You also visited: Sewer.

You collected 234 gold pieces.


   Skills:
 - Level 3.1 Fighting
 + Level 12.1 Ranged Weapons
 - Level 1.0 Armour
 - Level 5.3 Dodging
 - Level 1.2 Stealth


You had 7 spell levels left.
You didn't know any spells.
Your spell library was empty.

Inventory:

Hand Weapons
 a - a +1 shortbow (weapon)
Armour
 d - a +0 pair of gloves (worn)
 f - a +0 ring mail (worn)
Jewellery
 c - a +6 ring of dexterity (left hand)
 j - an amulet of reflection (around neck)
Wands
 b - a wand of digging (8)
Scrolls
 e - a scroll of identify
Potions
 l - 2 potions of might

Dungeon Overview and Level Annotations

Branches:
Dungeon (9/15)              Sewer (visited)
 Temple: D:4-7         Lair: D:8-11         Orc: D:9-12

Altars:
Hepliaklqana
Makhleb
Nemelex Xobeh
Ru

Shops:
D:2 =

Annotations:
D:5 1 runed translucent door, qw's ghost, amateur DjHu
D:9 exclusion: oklob plant


Message History

There are monsters nearby!
Waypoint 9 assigned to D:7.
4858 ||| PLANNING OSSUARY
4858 ||| RETREEEEATING.
An orc comes into view. It is wielding a +0 flail.
Found 7 gold pieces.
The orc shouts! x2
The orc priest casts a cantrip, but nothing happens.
You shoot an arrow. The arrow hits the black bear.
The black bear is lightly wounded.
You shoot an arrow. The arrow hits the black bear!
The black bear is moderately wounded.
An orc comes into view. It is wielding a +0 club.
The black bear bites you. The black bear claws you.
The black bear completely misses you. The orc hits you with a +0 hand axe.
4861 ||| RETREEEEATING.
You shoot an arrow.
The arrow closely misses the black bear.
The black bear bites you but does no damage.
The black bear closely misses you. The black bear completely misses you.
You shoot an arrow. The arrow hits the black bear.
The black bear is heavily wounded.
The orc priest calls down the wrath of Beogh upon you.
Beogh smites you!
An orc warrior comes into view. It is wielding a +0 trident.
The black bear bites you.
The black bear claws you but does no damage. x2
4864 ||| RETREEEEATING.
The orc priest mumbles some strange prayers to Beogh against you.
Beogh smites you!
The black bear attacks as it pursues you!
You block the black bear's attack.
The black bear claws you but does no damage.
The black bear claws you.
You shoot an arrow. The arrow barely misses the black bear.
The arrow hits the orc!
You kill the orc!
The orc priest invokes the aid of Beogh against you.
Beogh smites you!
You die...

##~~~##
###..~~..#
..#......#
#.#..<...#
#######....o...#
..........o...$#
.........o?....#
.......oo#####
....#)>.h@./#
.....oo#####.#
$..o.## .. ....
## ... .o


o You could see an orc warrior, a black bear, 2 orc priests and 2 orcs.

Vanquished Creatures
  An ice beast (D:3)
  An ogre (D:5)
  Blork the orc (D:4)
  2 bullfrogs (Sewer)
  3 scorpions
  2 orc priests (D:5)
  2 bombardier beetles
  A hound (D:6)
  2 jellies (D:5)
  2 iguanas
  5 orc wizards
  A mummy (D:4)
  6 gnolls
  12 adders
  13 dart slugs
  A ribbon worm (D:3)
  14 orcs
  28 ball pythons
  16 endoplasms
  16 giant cockroaches
  10 goblins
  5 hobgoblins
  9 kobolds
  6 quokkas
  7 bats
  8 frilled lizards
  2 kobold zombies (D:4)
  2 orc zombies (D:4)
  6 rats
184 creatures vanquished.

Notes
Turn   | Place    | Note
-------+----------+-------------------------------------------
     0 | D:1      | qw the Deep Elf Hunter began the quest for the Orb.
     0 | D:1      | Reached XP level 1. HP: 12/12 MP: 3/3
     0 | D:1      | 0 ||| qw: Version: 0.3-a-157-g843a77d
     0 | D:1      | 0 ||| qw: Game counter: 3859
     0 | D:1      | 0 ||| qw: Melee chars always use a shield: true
     0 | D:1      | 0 ||| qw: God list: Okawaru
     0 | D:1      | 0 ||| qw: Allow faded altars: false
     0 | D:1      | 0 ||| qw: Do Orc after clearing Dungeon:15 true
     0 | D:1      | 0 ||| qw: Do second Lair branch before Depths: true
     0 | D:1      | 0 ||| qw: Lair rune preference: random
     0 | D:1      | 0 ||| qw: Goals: Normal
     0 | D:1      | 0 ||| PLANNING D:1-11
   170 | D:1      | Reached XP level 2. HP: 16/16 MP: 4/4
   191 | D:1      | Reached skill level 6 in Ranged Weapons
   362 | D:1      | Reached XP level 3. HP: 15/20 MP: 5/5
   647 | D:1      | 647 ||| UPGRADING to +0 pair of gloves.
   652 | D:1      | 652 ||| UPGRADING to +0 ring mail.
   662 | D:1      | 662 ||| DROPPING +0 leather armour.
   663 | D:1      | 663 ||| UPGRADING to amulet of reflection.
   668 | D:1      | 668 ||| READING scroll labelled JAESTR ZIADO.
   669 | D:1      | 669 ||| READING 3 scrolls labelled IRET GUFEFU.
   669 | D:1      | 669 ||| IDENTIFYING cyan potion
   670 | D:1      | 670 ||| READING 2 scrolls of identify.
   670 | D:1      | 670 ||| IDENTIFYING grey potion
   671 | D:1      | 671 ||| DROPPING scroll of butterflies.
   840 | D:2      | Reached skill level 7 in Ranged Weapons
   946 | D:2      | Found Zaib's Jewellery Shoppe.
   957 | D:2      | 957 ||| SHOPLISTING amulet of Fepad {Reflect Dex+4 SH+5}
                  | (590 gold, have 80).
   957 | D:2      | 957 ||| SHOPLISTING ring of see invisible (195 gold, have
                  | 80).
  1220 | D:2      | 1220 ||| READING 2 scrolls of identify.
  1220 | D:2      | 1220 ||| IDENTIFYING lumpy amethyst potion
  1221 | D:2      | 1221 ||| READING scroll of identify.
  1221 | D:2      | 1221 ||| IDENTIFYING scroll labelled SAM OPSOEHIMIA
  1222 | D:2      | 1222 ||| DROPPING potion of berserk rage.
  1253 | D:3      | Reached XP level 4. HP: 25/25 MP: 6/6
  1301 | D:3      | Noticed an ice beast
  1313 | D:3      | Killed an ice beast
  1314 | D:3      | Reached skill level 8 in Ranged Weapons
  1314 | D:3      | Reached XP level 5. HP: 29/29 MP: 7/7
  1363 | D:3      | Found a burning altar of Makhleb.
  1436 | D:3      | Reached skill level 9 in Ranged Weapons
  2017 | D:3      | 2017 ||| READING scroll of identify.
  2017 | D:3      | 2017 ||| IDENTIFYING 2 pink potions
  2018 | D:3      | 2018 ||| READING scroll labelled OMUZYDOBOE.
  2019 | D:3      | 2019 ||| READING 2 scrolls labelled KUAMOCKUPIGI.
  2120 | D:3      | 2120 ||| READING 2 scrolls labelled YMINAI WENI.
  2121 | D:3      | 2121 ||| READING scroll labelled WAUSOL KAVUAD.
  2122 | D:3      | 2122 ||| READING scroll labelled UTIMUC LEACS.
  2123 | D:3      | 2123 ||| DROPPING scroll of vulnerability.
  2124 | D:3      | 2124 ||| DROPPING scroll of fear.
  2136 | D:4      | 2136 ||| STAIRDANCE
  2151 | D:3      | Reached XP level 6. HP: 25/35 MP: 8/8
  2193 | D:4      | 2193 ||| STAIRDANCE
  2236 | D:4      | 2236 ||| STAIRDANCE
  2379 | D:4      | 2379 ||| STAIRDANCE
  2422 | D:4      | Reached skill level 10 in Ranged Weapons
  2572 | D:4      | Noticed Blork the orc
  2576 | D:4      | 2576 ||| FLEEEEING.
  2577 | D:4      | 2577 ||| FLEEEEING.
  2578 | D:4      | 2578 ||| FLEEEEING.
  2579 | D:4      | 2579 ||| FLEEEEING.
  2580 | D:4      | 2580 ||| FLEEEEING.
  2582 | D:4      | 2582 ||| FLEEEEING.
  2583 | D:4      | 2583 ||| FLEEEEING.
  2584 | D:4      | 2584 ||| FLEEEEING.
  2585 | D:4      | 2585 ||| FLEEEEING.
  2586 | D:4      | 2586 ||| FLEEEEING.
  2594 | D:4      | HP: 7/35 [Blork the orc/+0 trident of protection (6)]
  2595 | D:4      | 2595 ||| READING 2 scrolls of teleportation.
  2596 | D:4      | 2596 ||| DRINKING potion of heal wounds.
  2720 | D:4      | Reached skill level 3 in Dodging
  2808 | D:4      | Reached skill level 1 in Armour
  3004 | D:4      | Killed Blork the orc
  3005 | D:4      | Reached XP level 7. HP: 25/40 MP: 9/9
  3150 | D:4      | 3150 ||| READING scroll of identify.
  3150 | D:4      | 3150 ||| IDENTIFYING fizzy orange potion
  3151 | D:4      | 3151 ||| READING scroll labelled JIBOIPNAIL.
  3152 | D:4      | 3152 ||| READING scroll labelled BOVEON KOWOX.
  3153 | D:4      | 3153 ||| DRINKING 2 glowing sapphire potions.
  3190 | D:4      | 3190 ||| DROPPING potion of magic.
  3191 | D:4      | 3191 ||| DROPPING potion of lignification.
  3213 | D:5      | Entered Level 5 of the Dungeon
  3214 | D:5      | 3214 ||| PLANNING SEWER
  3214 | D:5      | 3214 ||| STAIRDANCE
  3218 | D:5      | 3218 ||| STAIRDANCE
  3225 | D:4      | 3225 ||| DRINKING 8 potions of curing.
  3225 | D:4      | 3225 ||| (to cure confusion)
  3230 | D:5      | 3230 ||| STAIRDANCE
  3348 | D:5      | 3348 ||| STAIRDANCE
  3414 | D:5      | Reached skill level 11 in Ranged Weapons
  3555 | D:5      | Found a glowing drain.
  3571 | Sewer    | Entered a sewer
  3892 | Sewer    | HP: 6/40 [bullfrog (6)]
  3893 | Sewer    | 3893 ||| READING scroll of teleportation.
  3894 | Sewer    | 3894 ||| DRINKING potion of heal wounds.
  4044 | Sewer    | Reached skill level 12 in Ranged Weapons
  4095 | Sewer    | 4095 ||| UPGRADING to +6 ring of dexterity.
  4096 | Sewer    | 4096 ||| READING scroll of identify.
  4096 | Sewer    | 4096 ||| IDENTIFYING orange potion
  4097 | Sewer    | 4097 ||| READING scroll labelled COHIMMIFIERPH.
  4097 | Sewer    | 4097 ||| ENCHANTING +0 shortbow.
  4098 | Sewer    | 4098 ||| DROPPING potion of brilliance.
  4113 | D:5      | 4113 ||| PLANNING D:1-11
  4312 | D:5      | Reached XP level 8. HP: 43/44 MP: 10/10
  4320 | D:5      | HP: 11/44 [ogre/+0 giant club (16)]
  4321 | D:5      | 4321 ||| DRINKING potion of heal wounds.
  4401 | D:5      | Found a hazy altar of Hepliaklqana.
  4401 | D:5      | Found a sacrificial altar of Ru.
  4436 | D:5      | Found a sparkling altar of Nemelex Xobeh.
  4499 | D:5      | Reached skill level 3 in Fighting
  4501 | D:5      | Found a runed translucent door.
  4506 | D:5      | Noticed qw's ghost (amateur DjHu)
  4745 | D:6      | You fall into a shaft and drop 3 floors!
  4749 | D:9      | 4749 ||| Stepping randomly (stuck).
  4750 | D:9      | 4750 ||| Stepping randomly (stuck).
  4751 | D:9      | 4751 ||| Stepping randomly (stuck).
  4752 | D:9      | 4752 ||| Stepping randomly (stuck).
  4753 | D:9      | 4753 ||| Stepping randomly (stuck).
  4754 | D:9      | 4754 ||| Stepping randomly (stuck).
  4755 | D:9      | 4755 ||| Stepping randomly (stuck).
  4756 | D:9      | 4756 ||| Stepping randomly (stuck).
  4757 | D:9      | 4757 ||| Stepping randomly (stuck).
  4758 | D:9      | 4758 ||| Stepping randomly (stuck).
  4759 | D:9      | 4759 ||| Stepping randomly (stuck).
  4760 | D:9      | 4760 ||| Stepping randomly (stuck).
  4761 | D:9      | 4761 ||| Stepping randomly (stuck).
  4762 | D:9      | 4762 ||| Stepping randomly (stuck).
  4763 | D:9      | 4763 ||| Stepping randomly (stuck).
  4764 | D:9      | 4764 ||| Stepping randomly (stuck).
  4765 | D:9      | 4765 ||| Stepping randomly (stuck).
  4766 | D:9      | 4766 ||| Stepping randomly (stuck).
  4767 | D:9      | 4767 ||| Stepping randomly (stuck).
  4768 | D:9      | 4768 ||| Stepping randomly (stuck).
  4769 | D:9      | 4769 ||| Stepping randomly (stuck).
  4770 | D:9      | 4770 ||| Stepping randomly (stuck).
  4771 | D:9      | 4771 ||| Stepping randomly (stuck).
  4772 | D:9      | 4772 ||| Stepping randomly (stuck).
  4773 | D:9      | 4773 ||| Stepping randomly (stuck).
  4774 | D:9      | 4774 ||| Stepping randomly (stuck).
  4775 | D:9      | 4775 ||| Stepping randomly (stuck).
  4776 | D:9      | 4776 ||| Stepping randomly (stuck).
  4777 | D:9      | 4777 ||| Stepping randomly (stuck).
  4778 | D:9      | 4778 ||| Stepping randomly (stuck).
  4779 | D:9      | 4779 ||| Stepping randomly (stuck).
  4780 | D:9      | 4780 ||| Stepping randomly (stuck).
  4781 | D:9      | 4781 ||| Stepping randomly (stuck).
  4782 | D:9      | 4782 ||| Stepping randomly (stuck).
  4783 | D:9      | 4783 ||| Stepping randomly (stuck).
  4784 | D:9      | 4784 ||| Stepping randomly (stuck).
  4785 | D:9      | 4785 ||| Stepping randomly (stuck).
  4786 | D:9      | 4786 ||| Stepping randomly (stuck).
  4787 | D:9      | 4787 ||| Stepping randomly (stuck).
  4788 | D:9      | 4788 ||| Stepping randomly (stuck).
  4789 | D:9      | 4789 ||| Stepping randomly (stuck).
  4790 | D:9      | 4790 ||| Stepping randomly (stuck).
  4791 | D:9      | 4791 ||| Stepping randomly (stuck).
  4792 | D:9      | 4792 ||| Stepping randomly (stuck).
  4793 | D:9      | 4793 ||| Stepping randomly (stuck).
  4794 | D:9      | 4794 ||| Stepping randomly (stuck).
  4795 | D:9      | 4795 ||| Stepping randomly (stuck).
  4796 | D:9      | 4796 ||| Stepping randomly (stuck).
  4797 | D:9      | 4797 ||| Stepping randomly (stuck).
  4798 | D:9      | 4798 ||| Stepping randomly (stuck).
  4799 | D:9      | 4799 ||| Stepping randomly (stuck).
  4800 | D:9      | 4800 ||| READING scroll of teleportation.
  4804 | D:9      | Noticed an oklob plant
  4804 | D:9      | Noticed an oklob plant
  4804 | D:9      | Noticed an oklob plant
  4805 | D:9      | 4805 ||| RETREEEEATING.
  4806 | D:9      | 4806 ||| RETREEEEATING.
  4807 | D:9      | 4807 ||| RETREEEEATING.
  4818 | D:9      | HP: 9/46 [oklob plant/splash of acid (26)]
  4824 | D:9      | 4824 ||| DRINKING 7 potions of curing.
  4824 | D:9      | 4824 ||| (to cure confusion)
  4825 | D:9      | 4825 ||| DRINKING 6 potions of curing.
  4825 | D:9      | 4825 ||| (to cure confusion)
  4827 | D:9      | 4827 ||| DRINKING 5 potions of curing.
  4827 | D:9      | 4827 ||| (to cure confusion)
  4832 | D:9      | 4832 ||| DRINKING 4 potions of curing.
  4832 | D:9      | 4832 ||| (to cure confusion)
  4834 | D:9      | 4834 ||| DRINKING 3 potions of curing.
  4834 | D:9      | 4834 ||| (to cure confusion)
  4836 | D:9      | 4836 ||| DRINKING 2 potions of curing.
  4836 | D:9      | 4836 ||| (to cure confusion)
  4842 | D:9      | 4842 ||| DRINKING potion of curing.
  4842 | D:9      | 4842 ||| (to cure confusion)
  4858 | D:7      | 4858 ||| PLANNING OSSUARY
  4858 | D:7      | 4858 ||| RETREEEEATING.
  4861 | D:7      | 4861 ||| RETREEEEATING.
  4864 | D:7      | 4864 ||| RETREEEEATING.
  4864 | D:7      | HP: 11/46 [black bear (3)]
  4865 | D:7      | Killed from afar by an orc priest

Levels and vault maps discovered:
D:1:      dpeg_arrival_rooms_with_view, layout_basic, minmay_strange_pillars
D:2:      layout_basic, serial_shops, shop_fountains
D:3:      layout_basic, mainiacjoe_overflow_brackets, minmay_snake_closets
D:4:      layout_basic, minmay_misc_feat_hallway, minmay_mini_ossuary,
          uniq_blork_the_orc
D:5:      layout_basic, kennysheep_mini, gammafunk_temple_overflow_pools,
          gammafunk_ghost_grave, portal_sewer_entry_e, patterned_corridor
D:6:      layout_cave_pools, serial_shops, nicolae_shop_pleasant_corner_grove,
          minmay_pentangle
D:7:      layout_rooms, lemuel_coloured_pillars_altar, xom_shifter_show,
          lemuel_round_altar, mainiacjoe_overflow_large_starburst, temple_hall,
          enter_ossuary_1, kennysheep_opposing_triangles, uniq_maggie
D:8:      minmay_slanted_spiral_squares, layout_cave_pods,
          nicolae_overflow_crystal_walls, grunt_lair_entry_orc_guard_hut
D:9:      wad_woods_minihive, layout_rooms, grunt_qazlal_sundering,
          disabler_island

Skill      XL: |  1  2  3  4  5  6  7  8 |
---------------+-------------------------+-----
Ranged Weapons | 6 7 8 9 10 12 | 12.1
Fighting       | 2 3 |  3.1
Dodging        | 3 4 5 |  5.3
Armour         | 1 |  1.0
Stealth        | |  1.2

Action                     |  1- 3 |  4- 6 |  7- 9 || total
---------------------------+-------+-------+-------++-------
   Fire: Shortbow          |   120 |   225 |   300 ||   645
    Use: Scroll            |     5 |     7 |     7 ||    19
         Potion            |       |     1 |    11 ||    12
 Armour: Leather armour    |    26 |       |       ||    26
         Ring mail         |     6 |    69 |    98 ||   173
  Dodge: Dodged            |    24 |    67 |    72 ||   163
  Block: Other             |     3 |    28 |    29 ||    60
         Reflection        |       |       |     1 ||     1

Table legend:
 A = Non-vault XP
 B = Vault XP
 C = Vault XP percentage of total XP
 D = Non-vault monster count
 E = Vault monster count
 F = Vault count percentage of total count
                 A         B        C        D         E       F
            +---------+---------+-------+---------+---------+-------
      Total |    1306 |     543 |  29.4 |     111 |      73 |  39.7
            +---------+---------+-------+---------+---------+-------
        D:1 |      51 |       4 |   7.3 |      28 |       2 |   6.7
        D:2 |      39 |       0 |   0.0 |      14 |       0 |   0.0
        D:3 |     320 |      62 |  16.2 |      29 |      10 |  25.6
        D:4 |     272 |     121 |  30.8 |      22 |       6 |  21.4
        D:5 |     499 |      13 |   2.5 |      15 |       8 |  34.8
        D:6 |     122 |       0 |   0.0 |       2 |       0 |   0.0
        D:7 |       3 |       0 |   0.0 |       1 |       0 |   0.0
      Sewer |       0 |     343 | 100.0 |       0 |      47 | 100.0
            +---------+---------+-------+---------+---------+-------
